 Dungeon Crawl Stone Soup version 0.28.0 (webtiles) character file.

Game seed: 18214544067079666001

18 Morbidden the Conjurer (level 2, 0/20 HPs)
             Began as a Demonspawn Conjurer on Feb 9, 2022.
             Constricted to death by a ball python (1 damage)
             ... on level 1 of the Dungeon.
             The game lasted 00:00:44 (792 turns).

Morbidden the Conjurer (Demonspawn Conjurer)         Turns: 792, Time: 00:00:45

Health: 0/20       AC:  2    Str:  7    XL:     2   Next: 51%
Magic:  1/5        EV:  9    Int: 19    God:
Gold:   19         SH:  0    Dex: 11    Spells: 4/5 levels left

rFire   . . .      SeeInvis .   b - +0 dagger (drain)
rCold   . . .      Faith    .   (no shield)
rNeg    . . .      Spirit   .   a - +0 robe
rPois   .          Reflect  .   (no helmet)
rElec   .          Harm     .   (no cloak)
rCorr   .          Rampage  .   (no gloves)
Will    .....                   (no boots)
Stlth   ++........              (no amulet)
HPRegen 0.06/turn               (no ring)
MPRegen 0.09/turn               (no ring)

@: constricted
A: powered by death 1
a: no special abilities


You were on level 1 of the Dungeon.
You visited 1 branch of the dungeon, and saw 1 of its levels.

You collected 19 gold pieces.

Inventory:

Hand Weapons
 b - a +0 dagger of draining (weapon)
 c - a +3 dagger
Armour
 a - a +0 robe (worn)
Potions
 d - a potion of magic {unknown}


   Skills:
 * Level 0.6 Fighting
 + Level 1.8 Dodging
 + Level 1.8 Stealth
 * Level 2.0 Spellcasting
 * Level 4.5 Conjurations


You had 4 spell levels left.
You knew the following spells:

 Your Spells              Type           Power      Damage    Failure   Level
a - Magic Dart            Conj           76%        1d6       2%          1

Your spell library contained the following spells:

 Spells                   Type           Power      Damage    Failure   Level
 Searing Ray              Conj           38%        2d5       4%          2
 Dazzling Flash           Conj/Hex       20%        N/A       21%         3
 Fulminant Prism          Conj/Hex       5%         3d7       54%         4
 Iskenderun's Mystic Bla  Conj/Tloc      10%        2d4       54%         4


Dungeon Overview and Level Annotations

Branches:
Dungeon (1/15)

Altars:


Innate Abilities, Weirdness & Mutations

You regenerate a little health from kills.


Message History

The ball python hisses angrily.
You hit the hobgoblin but do no damage. You drain the hobgoblin.
You kill the hobgoblin!
Your magical contamination has completely faded away.
The ball python bites you but does no damage.
The ball python misses you. The ball python barely misses you. x2
You closely miss the ball python. The ball python bites you.
The ball python barely misses you. The ball python completely misses you.
The ball python grabs you. The ball python constricts you.
You closely miss the ball python. The ball python bites you. x2
The ball python constricts you. The ball python bites you.
The ball python bites you but does no damage.
The ball python constricts you.
You are too injured to fight recklessly!
You are too injured to fight recklessly!
You are too injured to fight recklessly!
You are too injured to fight recklessly!
You are too injured to fight recklessly!
Unknown command.
Unknown command.
You hit the ball python but do no damage.
You drain the ball python.
The ball python is severely wounded.
The ball python bites you. x2
* * * LOW HITPOINT WARNING * * *
The ball python constricts you.
You closely miss the ball python.
The ball python is severely wounded.
The ball python bites you.
* * * LOW HITPOINT WARNING * * *
The ball python bites you but does no damage.
The ball python constricts you.
You barely miss the ball python.
The ball python is severely wounded.
The ball python bites you.
* * * LOW HITPOINT WARNING * * *
The ball python bites you.
* * * LOW HITPOINT WARNING * * *
The ball python constricts you.
You die...

#...............## #.#
#...........#...#####..#
#.........####........##
#.........# #..#########
#.........###.## #.
#.............### #.
##>.............# ####.
#.........#####.........
#....?.@..# ......##.
#.....S.S.# ##### #.
#............ #.
#............# #.
##.......#...# #.
##.....##..... ##
####### ...## ###


You could see 2 ball pythons.

Vanquished Creatures
  3 endoplasms (D:1)
  2 hobgoblins (D:1)
  2 quokkas (D:1)
  A ball python (D:1)
  2 bats (D:1)
  2 frilled lizards (D:1)
  3 goblins (D:1)
  2 rats (D:1)
17 creatures vanquished.

Vanquished Creatures (others)
  A kobold (D:1)
1 creature vanquished.

Grand Total: 18 creatures vanquished

Notes
Turn   | Place    | Note
-------+----------+-------------------------------------------
     0 | D:1      | Morbidden the Demonspawn Conjurer began the quest for the
                  | Orb.
     0 | D:1      | Reached XP level 1. HP: 13/13 MP: 3/3
   310 | D:1      | Found a faded altar of an unknown god.
   374 | D:1      | Gained mutation: You regenerate a little health from kills.
                  | [demonic ancestry]
   374 | D:1      | Reached XP level 2. HP: 19/20 MP: 5/5
   792 | D:1      | HP: 1/20 [ball python (1)]
   792 | D:1      | Constricted to death by a ball python

Illustrated notes

Levels and vault maps discovered:
D:1:      saegor_arrival_simple_b, layout_rooms,
          chequers_ecumenical_altar_twisty, lemuel_old_faithful

Action                   || total
-------------------------++-------
Melee: Dagger            ||    18
 Cast: Magic Dart        ||    27
Armor: Robe              ||     6
Dodge: Dodged            ||    13
